 Dungeon Crawl Stone Soup version 0.27-a0-1217-g8a41f320e8 (webtiles) character file.

Game seed: 10642480212688706966

42 bande the Skirmisher (level 3, 12/24 HPs)
             Began as a Gargoyle Fighter on June 5, 2021.
             Quit the game on level 3 of the Dungeon.
             The game lasted 00:02:14 (1645 turns).

bande the Skirmisher (Gargoyle Fighter)             Turns: 1645, Time: 00:02:15

Health: 12/24      AC:  9    Str: 19    XL:     3   Next: 56%
Magic:  3/3        EV:  3    Int:  8    God:
Gold:   55         SH:  9    Dex:  8    Spells: 2/2 levels left

rFire    . . .     SeeInvis .   a - +0 war axe
rCold    . . .     Faith    .   c - +0 kite shield
rNeg     + . .     Spirit   .   e - +0 plate armour
rPois    ∞         Reflect  .   (no helmet)
rElec    +         Harm     .   (no cloak)
rCorr    .         Rampage  .   (no gloves)
Will     .....                  (no boots)
Stlth    ..........             (no amulet)
HPRegen  0.08/turn              (no ring)
MPRegen  0.08/turn              (no ring)

@: no status effects
A: sickness immunity, AC +3, negative energy resistance 1, electricity
resistance, torment resistance 1, petrification resistance, clumsy 1, deformed
body
a: no special abilities


You were on level 3 of the Dungeon.
You visited 1 branch of the dungeon, and saw 3 of its levels.

You collected 55 gold pieces.

Inventory:

Hand Weapons
 a - a +0 war axe (weapon)
 g - a +0 flail
Armour
 c - a +0 kite shield (worn)
 e - a +0 plate armour (worn)
Potions
 d - a potion of might


   Skills:
 + Level 3.8 Fighting
 + Level 2.6 Axes
 + Level 3.6 Armour
 + Level 3.5 Shields


You had 2 spell levels left.
You didn't know any spells.
Your spell library contained the following spells:

 Spells                   Type           Power      Damage    Failure   Level
 Beastly Appendage        Tmut           0%         N/A       100%        1
 Wereblood                Tmut           0%         N/A       100%        2
 Spider Form              Tmut/Pois      0%         N/A       100%        3
 Ice Form                 Ice/Tmut       0%         N/A       100%        4
 Hydra Form               Tmut           0%         N/A       100%        5


Dungeon Overview and Level Annotations

Branches:
Dungeon (3/15)

Altars:


Innate Abilities, Weirdness & Mutations

You are immune to sickness and miasma.
Your stone body is resilient. (AC +3)
You are immune to poison.
You resist negative energy. (rN+)
You are resistant to electric shocks. (rElec)
You are resistant to unholy torment.
You are immune to petrification.
You are clumsy. (Dex -2)
Armour fits poorly on your strangely shaped body.


Message History

No target in view!
You open the door.
There is an open door here.
You now have 55 gold pieces (gained 6).
You open the door.
An endoplasm, 2 orcs and 2 orc priests come into view.
The orc shouts!
The orc priest shouts!
The orc shouts!
The endoplasm quivers.
The orc priest looks satisfied for a moment.
The endoplasm moves out of view.
There are monsters nearby!
Unknown command.
The orc priest calls down the wrath of Beogh upon you.
Beogh smites you!
Ouch! That really hurt!
There is a stone staircase leading down here.
The orc hits you but does no damage. The orc completely misses you.
You climb downwards.
You hear the sound of rushing water.
There is an entrance to a sewer on this level.
Hurry and find it before the portal rusts away!
There is a stone staircase leading up here.
You hit the orc.
The orc is severely wounded.
The orc barely misses you.
You hit the orc.
The orc is almost dead.
The orc hits you but does no damage. You block the orc's attack.
You slash the orc!
You kill the orc!
Things that are here:
a +0 flail; an orc corpse
g - a +0 flail
As you read the scroll labelled JOWIOT GOU, it crumbles to dust.
It is a scroll of identify.
f - a potion of mutation Really quaff the potion of mutation?
You feel extremely strange.
You feel clumsy.
Your body twists and deforms.
Are you sure you want to abandon this character and quit the game? (Confirm with "yes".) ########.# #<@......# ##########

There were no monsters in sight!

Vanquished Creatures
  An adder (D:2)
  2 dart slugs (D:1)
  An orc (D:3)
  4 endoplasms
  A giant cockroach (D:1)
  A goblin (D:1)
  3 hobgoblins (D:1)
  2 ball pythons (D:1)
  5 bats
  A frilled lizard (D:1)
  2 kobolds
  6 rats
29 creatures vanquished.

Vanquished Creatures (others)
  3 plants (D:1)
3 creatures vanquished.

Grand Total: 32 creatures vanquished

Notes
Turn   | Place    | Note
-------+----------+-------------------------------------------
     0 | D:1      | bande the Gargoyle Fighter began the quest for the Orb.
     0 | D:1      | Reached XP level 1. HP: 14/14 MP: 1/1
   177 | D:1      | Found a faded altar of an unknown god.
   253 | D:1      | Reached XP level 2. HP: 13/20 MP: 2/2
  1065 | D:1      | Reached XP level 3. HP: 22/24 MP: 3/3
  1644 | D:3      | Gained mutation: You are clumsy. (Dex -2) [potion of
                  | mutation]
  1644 | D:3      | Gained mutation: Armour fits poorly on your strangely
                  | shaped body. [potion of mutation]
  1645 | D:3      | Quit the game

Illustrated notes

Levels and vault maps discovered:
D:1:      zelgadis_glass_arrival_small, layout_loops_ring, serial_forest,
          infiniplex_forest_lined_room_3, infiniplex_forest_straight_3,
          infiniplex_forest_end_2, infiniplex_forest_clump_long,
          infiniplex_forest_split, ebering_ecumenical_altar_hall,
          chequers_serial_rivers_small_b, due_unseen_surprise
D:2:      layout_basic, minmay_pentomino_v4
D:3:      layout_basic, old_standard_altar, gup_sewer_entry_bubbles,
          minmay_statues_item, uniq_grinder, uniq_sigmund, uniq_natasha,
          uniq_jessica

Skill      XL: |  1  2 |
---------------+-------+-----
Axes           | 2 |  2.6
Fighting       | |  3.8
Armour         | |  3.6
Shields        | |  3.5

Action                   || total
-------------------------++-------
Melee: War axe           ||    82
  Use: Scroll            ||     1
       Potion            ||     1
Armor: Scale mail        ||    12
       Plate armour      ||    48
Dodge: Dodged            ||    20
Block: Kite shield       ||    43

Table legend: (Time is in decaauts)
 A = Elapsed time spent in this place.
 B = Non-inter-level travel time spent in this place.
 C = Inter-level travel time spent in this place.
 D = Time resting spent in this place.
 E = Time spent auto-exploring this place.
 F = Levels seen in this place.
 G = Mean time per level.
                   A        B        C        D        E       F      G
               +--------+--------+--------+--------+--------+-----+--------+
         Total |   1699 |   1628 |     71 |      0 |   1333 |   3 |  566.3 |
       Dungeon |   1699 |   1628 |     71 |      0 |   1333 |   3 |  566.3 |
               +--------+--------+--------+--------+--------+-----+--------+

Top non-repeatable levels by time:
     D:1: 1595 daAuts
     D:2: 93 daAuts
     D:3: 9 daAuts
